Map: Abyssal Reef LE

Players

souL - Winner!

  • Race: Terran Terran
  • Spawn Location: 5:00

Cham

  • Race: Zerg Zerg
  • Spawn Location: 11:00

Event: WCS Valencia 2017

VOD

Have the link to the VOD?

Description

Time

  • Played on: July 13, 2017, 12:56 p.m.
  • Length: 11:43

All games in this series

Show
View Real Time Build Order
Export as new Build Order

souL Terran - Winner!

Build Orders: Bio Tank 

Get SALT Encoding   

  12  0:00  SCV  
  13  0:13  SCV  
  14  0:17  Supply Depot  
  14  0:25  SCV  
  14  0:28  Refinery  
  15  0:41  Barracks  
  15  0:45  SCV  
  16  0:57  SCV  
  16  1:03  Barracks  
  17  1:09  SCV  
  18  1:23  Barracks  
  18  1:28  Reaper  
  19  1:39  Orbital Command  
  19  1:51  Reaper  
  20  1:55  Supply Depot  
  20  1:58  Refinery  
  20  2:02  Reaper  
  20  2:05  SCV  
  22  2:11  Reaper  
  23  2:17  SCV  
  23  2:21  Supply Depot  
  24  2:23  Reaper  
  25  2:30  SCV  
  25  2:35  Reaper  
  27  2:42  SCV  
  28  2:48  Reaper  
  29  2:55  SCV, Reaper  
  31  3:12  Command Center  
  31  3:13  SCV  
  33  3:25  SCV  
  35  3:37  SCV  
  35  3:38  Supply Depot  
  33  3:41  Barracks Tech Lab  
  33  3:51  SCV  
  33  3:53  Command Center  
  33  3:54  Barracks Reactor  
  34  4:01  Stimpack  
  34  4:03  SCV  
  34  4:04  Barracks Reactor  
  35  4:15  Factory, SCV  
  36  4:24  Orbital Command  
  36  4:28  SCV  
  36  4:30  Marine  
  36  4:31  Marine  
  38  4:36  Marine  
  40  4:40  SCV  
  40  4:44  Marine x2  
  43  4:47  Marine  
  43  4:49  Marine, SCV  
  43  4:52  SCV  
  47  4:54  Marine  
  48  5:01  Starport  
  48  5:02  Marine, Factory Reactor, SCV  
  48  5:04  SCV  
  51  5:07  Orbital Command  
  51  5:10  Marine  
  51  5:12  Marine  
  51  5:14  SCV  
  54  5:16  Marine  
  54  5:17  Marine  
  54  5:19  SCV  
  57  5:22  Marine  
  57  5:26  SCV  
  57  5:28  Marine  
  60  5:30  Marine  
  60  5:31  SCV  
  60  5:34  Marine  
  60  5:35  Marine  
  63  5:38  SCV  
  63  5:40  Engineering Bay x2  
  65  5:44  SCV  
  65  5:46  Medivac x2, Supply Depot  
  70  5:53  SCV, Refinery  
  70  5:54  Factory Tech Lab, Refinery  
  70  5:55  Orbital Command  
  70  5:56  SCV, Marine  
  73  6:05  SCV, Supply Depot  
  73  6:06  Supply Depot  
  73  6:08  SCV  
  73  6:09  Terran Infantry Weapons Level 1  
  73  6:10  Terran Infantry Armor Level 1  
  75  6:15  Siege Tank  
  75  6:18  SCV  
  79  6:20  SCV  
  80  6:26  SCV  
  80  6:30  SCV  
  80  6:32  SCV  
  83  6:33  Marine, Barracks  
  83  6:34  Barracks  
  83  6:38  SCV  
  85  6:40  Combat Shields  
  85  6:41  Armory  
  85  6:42  SCV  
  85  6:44  SCV, Medivac  
  89  6:50  SCV  
  89  6:51  Supply Depot  
  89  6:52  Medivac, Supply Depot  
  92  6:57  Marine  
  92  6:59  Marine x2, SCV  
  92  7:10  SCV, Marine  
  92  7:12  Marine  
  95  7:16  SCV, Supply Depot  
  95  7:17  Medivac, Supply Depot  
  95  7:18  Siege Tank, Marine  
  95  7:19  Marine x2  
  104  7:24  Barracks Reactor, Bunker  
  104  7:25  SCV  
  104  7:26  Barracks Reactor, Bunker  
  104  7:28  Marine  
  104  7:29  SCV, Marine  
  107  7:34  SCV  
  107  7:36  Marine x3  
  112  7:38  SCV  
  112  7:41  SCV  
  112  7:42  Factory  
  114  7:46  Marine  
  114  7:47  Marine, Refinery  
  114  7:48  SCV  
  114  7:49  Refinery, Supply Depot  
  114  7:50  SCV, Supply Depot  
  118  7:54  Siege Tank, Marine x2  
  118  7:55  SCV  
  124  7:59  Marine x2  
  124  8:00  SCV  
  124  8:04  Marine x2  
  124  8:05  Marine  
  129  8:06  Marine  
  129  8:12  Marine  
  132  8:13  Terran Infantry Weapons Level 2  
  132  8:14  SCV  
  132  8:15  SCV  
  132  8:16  SCV  
  132  8:18  Supply Depot  
  132  8:19  Command Center  
  135  8:23  Terran Infantry Armor Level 2  
  135  8:25  Marine  
  135  8:26  Marine x3  
  135  8:27  SCV  
  140  8:29  Marine x2  
  140  8:30  Marine  
  139  8:34  Medivac  
  139  8:36  Marine  
  139  8:37  Marine  
  139  8:39  Siege Tank  
  139  8:40  Factory Tech Lab  
  145  8:42  Marine  
  145  8:45  Marine  
  145  8:48  Marine  
  142  8:55  Barracks  
  142  8:56  Barracks, Supply Depot x2  
  142  8:57  Barracks  
  142  8:58  Marine x2  
  142  8:59  Marine  
  145  9:08  Siege Tank  
  148  9:11  Siege Tank  
  148  9:12  Terran Vehicle Weapons Level 1  
  148  9:17  SCV  
  152  9:20  Supply Depot  
  152  9:21  Marauder, Marine  
  152  9:22  Supply Depot  
  155  9:27  Marine  
  154  9:32  Marine x3  
  154  9:33  Sensor Tower  
  156  9:39  Planetary Fortress  
  156  9:40  Siege Tank, Marine  
  156  9:43  Siege Tank  
  161  9:51  Marine  
  152  9:52  Marine  
  152  9:53  Marine x3  
  151  10:02  Marine  
  151  10:03  Marine x3, Refinery  
  151  10:05  Barracks Tech Lab  
  151  10:06  Barracks Tech Lab x2  
  155  10:08  Marine  
  155  10:10  Marine  
  155  10:12  Siege Tank  
  158  10:15  Siege Tank, Marine x3  
  158  10:20  Marine x2  
  166  10:26  Marine x2  
  166  10:27  Liberator, Marine  
  167  10:29  Marine  
  167  10:31  Liberator, Marine  
  167  10:32  Marine  
  167  10:33  Marine  
  168  10:37  Marine x2  
  168  10:40  Marine  
  168  10:41  Marauder, Marine  
  166  10:44  Siege Tank, Marine x2  
  166  10:45  Marine  
  166  10:47  Marine  
  166  10:48  Siege Tank  
  166  10:49  Marine  
  182  10:50  Marine  
  182  10:51  Marine  
  182  10:54  Marine  
  182  10:55  Marine  
  186  10:58  Marine  
  186  11:01  Marine  
  186  11:02  Marauder, Marine  
  189  11:08  Marine  
  189  11:10  Marine x5  
  192  11:12  Marine  
  192  11:13  Marine  
  192  11:16  Marine  
  196  11:19  Marine  
  196  11:20  Marine  
  196  11:23  Marine  
Show
View Real Time Build Order
Export as new Build Order

Cham Zerg 

Build Orders: Hatch First 

Get SALT Encoding   

  12  0:01  Drone  
  13  0:08  Drone  
  14  0:17  Overlord  
  14  0:36  Drone x3  
  17  0:53  Hatchery  
  17  0:56  Drone  
  17  0:58  Drone  
  17  1:01  Extractor  
  17  1:14  Spawning Pool  
  17  1:17  Drone  
  17  1:21  Drone  
  18  1:29  Drone  
  19  1:40  Overlord  
  19  2:01  Queen  
  19  2:03  Zergling x4  
  19  2:04  Queen  
  25  2:09  Zergling x2  
  25  2:13  Drone  
  27  2:16  Drone  
  28  2:26  Roach Warren  
  26  2:33  Spore Crawler, Drone  
  26  2:39  Queen  
  26  2:40  Queen  
  31  2:46  Drone  
  31  2:51  Overlord  
  32  3:04  Overlord  
  32  3:09  Roach x2  
  32  3:10  Roach  
  35  3:15  Roach  
  37  3:23  Roach  
  37  3:25  Drone  
  40  3:29  Drone  
  41  3:35  Ravager  
  41  3:39  Drone, Overlord  
  43  3:44  Drone  
  43  3:45  Drone  
  43  3:47  Drone  
  46  3:53  Overlord  
  46  3:58  Drone  
  46  4:01  Drone  
  48  4:04  Drone x2  
  48  4:06  Drone  
  51  4:13  Roach x2  
  51  4:15  Drone  
  56  4:19  Drone x2  
  56  4:23  Overlord  
  58  4:31  Drone x3  
  58  4:32  Roach  
  58  4:38  Roach x2  
  67  4:40  Drone  
  67  4:43  Drone  
  69  4:48  Drone  
  70  4:54  Hatchery  
  70  5:00  Drone x2  
  70  5:02  Ravager  
  70  5:03  Drone x3  
  75  5:08  Extractor x2  
  75  5:10  Evolution Chamber x2  
  75  5:12  Roach  
  73  5:22  Roach  
  73  5:26  Lair  
  73  5:27  Drone  
  76  5:30  Extractor, Drone  
  76  5:35  Hatchery  
  76  5:38  Drone  
  76  5:45  Overlord  
  76  5:50  Overlord x2  
  76  5:52  Overlord  
  76  5:59  Overlord  
  76  6:05  Drone x3  
  76  6:06  Drone x2  
  76  6:07  Drone  
  82  6:11  Drone x2  
  82  6:12  Drone  
  82  6:13  Drone  
  82  6:14  Zerg Ground Armor Level 1, Zerg Missile Weapons Level 1  
  86  6:19  Drone  
  87  6:26  Overlord  
  87  6:28  Drone x2  
  87  6:29  Drone  
  90  6:34  Glial Reconstitution  
  90  6:35  Infestation Pit  
  89  6:40  Drone, Overlord  
  89  6:43  Drone  
  89  6:45  Drone  
  92  6:47  Roach x2  
  92  6:49  Roach  
  92  6:50  Roach  
  90  7:02  Roach x5  
  90  7:04  Roach  
  97  7:09  Roach  
  99  7:15  Queen  
  99  7:17  Drone x3  
  99  7:18  Drone  
  99  7:21  Drone x2  
  105  7:23  Drone x3  
  105  7:24  Drone  
  105  7:26  Roach  
  105  7:28  Roach x2  
  115  7:30  Drone  
  115  7:36  Drone  
  117  7:39  Hive, Infestor  
  117  7:43  Extractor, Drone x2  
  120  7:44  Extractor, Drone  
  120  7:50  Roach  
  122  7:56  Hatchery  
  122  7:57  Overlord  
  122  7:58  Overlord  
  121  8:07  Overlord  
  121  8:08  Zerg Ground Armor Level 2  
  121  8:10  Zerg Missile Weapons Level 2  
  121  8:17  Ravager x2  
  121  8:18  Drone x3  
  126  8:23  Roach x2  
  126  8:25  Overlord  
  126  8:26  Drone  
  131  8:31  Roach x4  
  132  8:43  Roach  
  131  8:49  Drone x2  
  131  8:50  Drone x5  
  131  8:51  Drone x5  
  138  9:03  Drone x3  
  138  9:04  Spire, Roach x2  
  138  9:05  Ravager  
  138  9:06  Ravager  
  146  9:11  Roach  
  146  9:12  Overlord  
  146  9:14  Drone x2  
  150  9:26  Extractor x2, Roach  
  150  9:28  Roach  
  150  9:30  Roach x2  
  156  9:33  Roach x2  
  156  9:34  Overlord x4  
  160  9:38  Overlord  
  160  9:39  Overlord  
  160  9:43  Roach  
  158  9:48  Roach x3  
  158  9:50  Drone x4  
  158  9:51  Drone  
  155  9:53  Spire  
  155  9:56  Drone x2  
  153  10:04  Hatchery  
  152  10:11  Drone x2  
  152  10:12  Drone x3  
  157  10:15  Roach  
  157  10:17  Roach  
  157  10:18  Ravager x4  
  157  10:19  Drone  
  157  10:20  Drone x4  
  167  10:34  Drone  
  167  10:35  Drone x5  
  150  10:38  Drone x2  
  147  10:54  Drone x2  
  147  10:55  Drone  
  144  10:59  Extractor  
  144  11:00  Roach  
  144  11:01  Extractor, Roach x2  
  141  11:07  Roach x2  
  141  11:08  Roach  
  140  11:14  Ravager x2  
  140  11:18  Roach  
Tags
 
Add a new tag
Caveats
  • Supply blocks, unpowered buildings, or Contaminate may cause inaccurate times.
  • Supply counts are checked every 10 seconds.